| TOP OF THE 1ST |
|
Washington Nationals batting - Pitching for Toronto Blue Jays : LHP Madison Bumgarner
|
|
Pitching: LHP Madison Bumgarner
|
|
|
Batting: LHB Bryce Harper
|
0-0: Foul Ball, location: 5FF 0-1: SINGLE (Line Drive, 5D, EV 103.8 MPH)
|
|
Batting: RHB Jeremy Austin
|
0-0: Bunted foul 0-1: Fly out, F8 (Flyball, 8RD, EV 108.8 MPH)
|
|
Batting: RHB Manny Machado
|
0-0: Ball 1-0: Fly out, F6 (Popup, 6, EV 73.1 MPH)
|
|
Batting: RHB Christian Walker
|
0-0: Ball 1-0: Called Strike 1-1: Ball 2-1: Called Strike 2-2: Ball 3-2: DOUBLE (Line Drive, 78M, EV 96.9 MPH) Bryce Harper to third Bryce Harper scores
|
|
Batting: RHB Oscar Hernandez
|
0-0: Ball 1-0: 2-RUN HOME RUN (Flyball, 78XD, EV 102.5 MPH), Distance : 400 ft
|
|
Batting: LHB David Dahl
|
0-0: Ball 1-0: Fly out, F7 (Flyball, 78D, EV 103.1 MPH)
|
| Top of the 1st over - 3 runs, 3 hits, 0 errors, 0 left on base; Washington 3 - Toronto 0 |
| BOTTOM OF THE 1ST |
|
Toronto Blue Jays batting - Pitching for Washington Nationals : RHP Kirk Griffith
|
|
Pitching: RHP Kirk Griffith
|
|
|
Batting: LHB Nick Gordon
|
0-0: Ground out U3 (Groundball, 34, EV 110.6 MPH)
|
|
Batting: LHB Rob Holt
|
0-0: Ground out U3 (Groundball, 34S, EV 83.8 MPH)
|
|
Batting: LHB Álex Guiñónes
|
0-0: Ground out 5-3 (Groundball, 56, EV 85.6 MPH)
|
| Bottom of the 1st over - 0 runs, 0 hits, 0 errors, 0 left on base; Washington 3 - Toronto 0 |
| TOP OF THE 2ND |
|
Washington Nationals batting - Pitching for Toronto Blue Jays : LHP Madison Bumgarner
|
|
Batting: RHB Aaron Judge
|
0-0: Ball 1-0: Foul Ball, location: 9LMF 1-1: Swinging Strike 1-2: Ground out 3-1 (Groundball, 34, EV 90.6 MPH)
|
|
Batting: RHB Mathies Reuter
|
0-0: Foul Ball, location: 9LDF 0-1: Ball 1-1: Called Strike 1-2: Ball 2-2: Foul Ball, location: 2F 2-2: Fly out, F8 (Flyball, 8LXD, EV 96.3 MPH)
|
|
Batting: LHB Shane Mardirosian
|
0-0: Ground out U3 (Groundball, 34, EV 80.6 MPH)
|
| Top of the 2nd over - 0 runs, 0 hits, 0 errors, 0 left on base; Washington 3 - Toronto 0 |
| BOTTOM OF THE 2ND |
|
Toronto Blue Jays batting - Pitching for Washington Nationals : RHP Kirk Griffith
|
|
Batting: LHB Rintaro Ikeda
|
0-0: Ball 1-0: Called Strike 1-1: Ball 2-1: Ball 3-1: Foul Ball, location: 7LSF 3-2: Fly out, F8 (Line Drive, 8RD, EV 85.6 MPH)
|
|
Batting: RHB Anthony Rendon
|
0-0: Ball 1-0: Fly out, F5 (Popup, 56S, EV 82.5 MPH)
|
|
Batting: LHB Alfredo Salinas
|
0-0: Ball 1-0: Ground out U3 (Groundball, 34, EV 85.0 MPH)
|
| Bottom of the 2nd over - 0 runs, 0 hits, 0 errors, 0 left on base; Washington 3 - Toronto 0 |
| TOP OF THE 3RD |
|
Washington Nationals batting - Pitching for Toronto Blue Jays : LHP Madison Bumgarner
|
|
Batting: LHB Bryce Harper
|
0-0: Foul Ball, location: 9LDF 0-1: Foul Ball, location: 23F 0-2: Ball 1-2: Ball 2-2: Fly out, F7 (Flyball, 78S, EV 95.0 MPH)
|
|
Batting: RHB Jeremy Austin
|
0-0: Foul Ball, location: 2F 0-1: Fly out, F9 (Line Drive, 9, EV 110.0 MPH)
|
|
Batting: RHB Manny Machado
|
0-0: Called Strike 0-1: Ball 1-1: Ball 2-1: Swinging Strike 2-2: Fly out, F8 (Flyball, 8RD, EV 105.0 MPH)
|
| Top of the 3rd over - 0 runs, 0 hits, 0 errors, 0 left on base; Washington 3 - Toronto 0 |
| BOTTOM OF THE 3RD |
|
Toronto Blue Jays batting - Pitching for Washington Nationals : RHP Kirk Griffith
|
|
Batting: SHB Maake Arnold
|
0-0: Fly out, F7 (Flyball, 7D, EV 110.6 MPH)
|
|
Batting: RHB Josh Morgan
|
0-0: Called Strike 0-1: SINGLE (Line Drive, 4MD, EV 104.4 MPH)
|
|
Batting: RHB Yohel Pozo
|
0-0: Ball 1-0: SINGLE (Flyball, 4D, EV 95.0 MPH) Josh Morgan to second
|
|
Batting: LHB Nick Gordon
|
0-0: Called Strike 0-1: Ball 1-1: Called Strike 1-2: Grounds out, U3 (Groundball, 3L, EV 106.9 MPH) Josh Morgan to third
|
|
Batting: LHB Rob Holt
|
0-0: Ground out 6-3 (Groundball, 6, EV 88.1 MPH)
|
| Bottom of the 3rd over - 0 runs, 2 hits, 0 errors, 2 left on base; Washington 3 - Toronto 0 |
| TOP OF THE 4TH |
|
Washington Nationals batting - Pitching for Toronto Blue Jays : LHP Madison Bumgarner
|
|
Batting: RHB Christian Walker
|
0-0: Ball 1-0: Foul Ball, location: 3SF 1-1: Ball 2-1: Called Strike 2-2: Strikes out looking
|
|
Batting: RHB Oscar Hernandez
|
0-0: Foul Ball, location: 2F 0-1: Foul Ball, location: 23F 0-2: Foul Ball, location: 9LDF 0-2: Fly out, F8 (Flyball, 8RXD, EV 106.9 MPH)
|
|
Batting: LHB David Dahl
|
0-0: Fly out, F7 (Flyball, 7D, EV 109.4 MPH)
|
| Top of the 4th over - 0 runs, 0 hits, 0 errors, 0 left on base; Washington 3 - Toronto 0 |
| BOTTOM OF THE 4TH |
|
Toronto Blue Jays batting - Pitching for Washington Nationals : RHP Kirk Griffith
|
|
Batting: LHB Álex Guiñónes
|
0-0: Ball 1-0: Ball 2-0: Foul Ball, location: 7LMF 2-1: SOLO HOME RUN (Flyball, 78XD, EV 105.6 MPH), Distance : 400 ft
|
|
Batting: LHB Rintaro Ikeda
|
0-0: Called Strike 0-1: SOLO HOME RUN (Flyball, 7LD, EV 89.4 MPH), Distance : 338 ft
|
|
Batting: RHB Anthony Rendon
|
0-0: SINGLE (Groundball, 4MD, EV 95.0 MPH)
|
|
Batting: LHB Alfredo Salinas
|
0-0: Ball 1-0: TRIPLE (Line Drive, 78XD, EV 106.3 MPH) Anthony Rendon scores
|
|
Batting: SHB Maake Arnold
|
0-0: Fly out, F9 (Flyball, 9D, EV 96.9 MPH) Runner from 3rd tags up, SCORES, no throw by RF
|
|
Batting: RHB Josh Morgan
|
0-0: Called Strike 0-1: Swinging Strike 0-2: Foul Ball, location: 3DF 0-2: Foul Ball, location: 2F 0-2: Ball 1-2: Ball 2-2: Ball 3-2: Fly out, F8 (Flyball, 78M, EV 96.9 MPH)
|
|
Batting: RHB Yohel Pozo
|
0-0: Foul Ball, location: 9LDF 0-1: Ball 1-1: Called Strike 1-2: Ball 2-2: Foul Ball, location: 3F 2-2: Ball 3-2: Fly out, F2 (Popup, 2LF, EV 95.6 MPH)
|
| Bottom of the 4th over - 4 runs, 4 hits, 0 errors, 0 left on base; Washington 3 - Toronto 4 |
| TOP OF THE 5TH |
|
Washington Nationals batting - Pitching for Toronto Blue Jays : LHP Madison Bumgarner
|
|
Batting: RHB Aaron Judge
|
0-0: Called Strike 0-1: Foul Ball, location: 9LDF 0-2: Strikes out swinging
|
|
Batting: RHB Mathies Reuter
|
0-0: Ball 1-0: Foul Ball, location: 7LDF 1-1: Ball 2-1: Foul Ball, location: 5DF 2-2: Foul Ball, location: 2F 2-2: Ball 3-2: Foul Ball, location: 2F 3-2: Fly out, F8 (Flyball, 8RM, EV 74.4 MPH)
|
|
Batting: LHB Shane Mardirosian
|
0-0: Reached on error, E1 (Groundball, 15S, EV 68.8 MPH)
|
|
Batting: LHB Bryce Harper
|
0-0: Fly out, F8 (Flyball, 8LD, EV 80.6 MPH)
|
| Top of the 5th over - 0 runs, 0 hits, 1 error, 1 left on base; Washington 3 - Toronto 4 |
| BOTTOM OF THE 5TH |
|
Toronto Blue Jays batting - Pitching for Washington Nationals : RHP Kirk Griffith
|
|
Batting: LHB Nick Gordon
|
0-0: Ball 1-0: Called Strike 1-1: Ball 2-1: Ball 3-1: Foul Ball, location: 25F 3-2: Fly out, F8 (Flyball, 8LS, EV 85.0 MPH)
|
|
Batting: LHB Rob Holt
|
0-0: Ball 1-0: Foul Ball, location: 25FF 1-1: Foul Ball, location: 9LDF 1-2: Ground out 4-3 (Groundball, 4, EV 88.8 MPH)
|
|
Batting: LHB Álex Guiñónes
|
0-0: Called Strike 0-1: Foul Ball, location: 2F 0-2: Ball 1-2: Ball 2-2: Ball 3-2: Strikes out looking
|
| Bottom of the 5th over - 0 runs, 0 hits, 0 errors, 0 left on base; Washington 3 - Toronto 4 |
| TOP OF THE 6TH |
|
Washington Nationals batting - Pitching for Toronto Blue Jays : LHP Madison Bumgarner
|
|
Batting: RHB Jeremy Austin
|
0-0: Ball 1-0: Foul Ball, location: 9LMF 1-1: Ball 2-1: Fly out, F8 (Line Drive, 8LM, EV 83.1 MPH)
|
|
Batting: RHB Manny Machado
|
0-0: Ball 1-0: Ball 2-0: Swinging Strike 2-1: Foul Ball, location: 5F 2-2: Ball 3-2: Foul Ball, location: 3F 3-2: Fly out, F8 (Line Drive, 8RS, EV 103.1 MPH)
|
|
Batting: RHB Christian Walker
|
0-0: Ball 1-0: Ball 2-0: Called Strike 2-1: Ball 3-1: Base on Balls
|
|
Batting: RHB Oscar Hernandez
|
0-0: Ball 1-0: Ball 2-0: Called Strike 2-1: Foul Ball, location: 9LDF 2-2: Ball 3-2: 2-RUN HOME RUN (Flyball, 8RXD, EV 111.3 MPH), Distance : 420 ft
|
|
Pitching: RHP Max Pearson
|
|
|
Batting: LHB David Dahl
|
0-0: Ball 1-0: Ground out 6-3 (Groundball, 56, EV 107.5 MPH)
|
| Top of the 6th over - 2 runs, 1 hit, 0 errors, 0 left on base; Washington 5 - Toronto 4 |
| BOTTOM OF THE 6TH |
|
Toronto Blue Jays batting - Pitching for Washington Nationals : RHP Kirk Griffith
|
|
Batting: LHB Rintaro Ikeda
|
0-0: Foul Ball, location: 7LDF 0-1: SINGLE (Line Drive, 78S, EV 88.1 MPH)
|
|
Batting: RHB Anthony Rendon
|
0-0: Ball 1-0: Foul Ball, location: 9LMF 1-1: Fly out, F3 (Popup, 34S, EV 78.1 MPH)
|
|
Batting: LHB Alfredo Salinas
|
0-0: Fly out, F9 (Line Drive, 9, EV 96.9 MPH)
|
|
Batting: SHB Maake Arnold
|
0-0: Ball 1-0: Called Strike 1-1: Ball 2-1: Ball 3-1: Called Strike 3-2: Ground out 5-3 (Groundball, 56S, EV 85.6 MPH)
|
| Bottom of the 6th over - 0 runs, 1 hit, 0 errors, 1 left on base; Washington 5 - Toronto 4 |
| TOP OF THE 7TH |
|
Washington Nationals batting - Pitching for Toronto Blue Jays : RHP Max Pearson
|
|
Pitching: RHP Chris Mason
|
|
|
Batting: RHB Aaron Judge
|
0-0: Ball 1-0: Ball 2-0: Swinging Strike 2-1: Ball 3-1: Base on Balls
|
|
Batting: RHB Mathies Reuter
|
0-0: Foul Ball, location: 9LMF 0-1: Ball 1-1: Fly out, F8 (Line Drive, 8RM, EV 95.6 MPH)
|
|
Batting: LHB Shane Mardirosian
|
0-0: Called Strike 0-1: Ball 1-1: Ball 2-1: Swinging Strike 2-2: Foul Ball, location: 2F 2-2: DOUBLE (Line Drive, 89D, EV 100.6 MPH) Aaron Judge to third Runner from 3rd tries for Home, SAFE, no throw by CF
|
|
Batting: LHB Bryce Harper
|
0-0: Intentional Walk
|
|
Batting: RHB Jeremy Austin
|
0-0: Foul Ball, location: 9LDF 0-1: Ball 1-1: SINGLE (Line Drive, 9S, EV 101.3 MPH) Shane Mardirosian to third Bryce Harper to second Runner from 3rd tries for Home, SAFE, throw by RF to trailing runner, OUT at third! 9-3-5
|
|
Batting: RHB Manny Machado
|
0-0: Ball 1-0: Foul Ball, location: 2F 1-1: Ground out 1-3 (Groundball, 34S, EV 63.1 MPH)
|
| Top of the 7th over - 2 runs, 2 hits, 0 errors, 1 left on base; Washington 7 - Toronto 4 |
| BOTTOM OF THE 7TH |
|
Toronto Blue Jays batting - Pitching for Washington Nationals : RHP Kirk Griffith
|
|
Batting: RHB Josh Morgan
|
0-0: Ball 1-0: Ball 2-0: Ground out U3 (Groundball, 34, EV 106.3 MPH)
|
|
Batting: RHB Yohel Pozo
|
0-0: Fly out, F9 (Flyball, 9D, EV 94.4 MPH)
|
|
Batting: LHB Nick Gordon
|
0-0: Called Strike 0-1: Foul Ball, location: 2F 0-2: Foul Ball, location: 2F 0-2: Ball 1-2: Ball 2-2: Fly out, F3 (Popup, 34, EV 70.0 MPH)
|
| Bottom of the 7th over - 0 runs, 0 hits, 0 errors, 0 left on base; Washington 7 - Toronto 4 |
| TOP OF THE 8TH |
|
Washington Nationals batting - Pitching for Toronto Blue Jays : RHP Chris Mason
|
|
Pitching: RHP José Amaya
|
|
|
Batting: RHB Christian Walker
|
0-0: Ball 1-0: Ball 2-0: SINGLE (Groundball, 6MD, EV 96.9 MPH)
|
|
Batting: RHB Oscar Hernandez
|
0-0: Swinging Strike 0-1: Ball 1-1: Swinging Strike 1-2: Ball 2-2: Reached on error, E1 (Groundball, 13S, EV 66.3 MPH) Christian Walker to second
|
|
Batting: LHB David Dahl
|
0-0: Foul Ball, location: 3F, Error on foul ball, E3 0-1: Swinging Strike 0-2: Reached on error, E6 (Groundball, 6S, EV 80.6 MPH) Christian Walker to third Oscar Hernandez to second
|
|
Batting: RHB Aaron Judge
|
0-0: Ball 1-0: Ball 2-0: Foul Ball, location: 3DF 2-1: Ball 3-1: Grounds into double play, 4-2-3 (Groundball, 34, EV 103.8 MPH) Oscar Hernandez to third David Dahl to second
|
|
Batting: RHB Mathies Reuter
|
0-0: Ball 1-0: Called Strike 1-1: Ball 2-1: Ball 3-1: SINGLE (Line Drive, 8LS, EV 103.1 MPH) Oscar Hernandez scores David Dahl to third Runner from 3rd tries for Home, SAFE, throw by CF to home
|
|
Batting: LHB Shane Mardirosian
|
0-0: Ground out 4-3 (Groundball, 4MS, EV 67.5 MPH)
|
| Top of the 8th over - 2 runs, 2 hits, 3 errors, 1 left on base; Washington 9 - Toronto 4 |
| BOTTOM OF THE 8TH |
|
Toronto Blue Jays batting - Pitching for Washington Nationals : RHP Kirk Griffith
|
|
Batting: LHB Rob Holt
|
0-0: Fly out, F9 (Line Drive, 9S, EV 91.9 MPH)
|
|
Batting: LHB Álex Guiñónes
|
0-0: Called Strike 0-1: Swinging Strike 0-2: Foul Ball, location: 5F 0-2: Foul Ball, location: 9LDF 0-2: Strikes out swinging
|
|
Batting: LHB Rintaro Ikeda
|
0-0: Ball 1-0: Ball 2-0: Called Strike 2-1: Swinging Strike 2-2: Foul Ball, location: 5DF 2-2: Foul Ball, location: 2F 2-2: Foul Ball, location: 7LSF 2-2: Foul Ball, location: 7LSF 2-2: Foul Ball, location: 2F 2-2: Ball 3-2: Foul Ball, location: 7LMF 3-2: Fly out, F9 (Flyball, 9, EV 93.1 MPH)
|
| Bottom of the 8th over - 0 runs, 0 hits, 0 errors, 0 left on base; Washington 9 - Toronto 4 |
| TOP OF THE 9TH |
|
Washington Nationals batting - Pitching for Toronto Blue Jays : RHP José Amaya
|
|
Batting: LHB Bryce Harper
|
0-0: Ball 1-0: Called Strike 1-1: Foul Ball, location: 3F 1-2: Strikes out swinging
|
|
Batting: RHB Jeremy Austin
|
0-0: SINGLE (Groundball, 34S, EV 77.5 MPH) (infield hit)
|
|
Batting: RHB Manny Machado
|
0-0: Ball 1-0: Foul Ball, location: 25F 1-1: Fielders Choice at 2nd, 4-6 (Groundball, 4, EV 85.6 MPH)
|
|
Batting: RHB Christian Walker
|
0-0: SINGLE (Line Drive, 4D, EV 107.5 MPH) Manny Machado to second Runner from 2nd tries for 3rd, SAFE, throw by CF made to third
|
|
Batting: RHB Oscar Hernandez
|
0-0: Ball 1-0: Swinging Strike 1-1: Foul Ball, location: 23FF 1-2: Ball 2-2: Strikes out swinging
|
| Top of the 9th over - 0 runs, 2 hits, 0 errors, 2 left on base; Washington 9 - Toronto 4 |
| BOTTOM OF THE 9TH |
|
Toronto Blue Jays batting - Pitching for Washington Nationals : RHP Kirk Griffith
|
|
Pitching: RHP Joe Frey
|
|
|
Batting: RHB Anthony Rendon
|
0-0: SINGLE (Groundball, 6MD, EV 104.4 MPH)
|
|
Batting: LHB Alfredo Salinas
|
0-0: Fly out, F8 (Flyball, 8RD, EV 81.9 MPH)
|
|
Batting: SHB Maake Arnold
|
0-0: SINGLE (Groundball, 6MD, EV 103.1 MPH) Anthony Rendon to second
|
|
Batting: RHB Josh Morgan
|
0-0: Ball 1-0: Foul Ball, location: 7LSF 1-1: Swinging Strike 1-2: Strikes out swinging
|
|
Pinch Hitting: SHB Yasmani Grandal
|
0-0: Fly out, F9 (Flyball, 9D, EV 73.1 MPH)
|
| Bottom of the 9th over - 0 runs, 2 hits, 0 errors, 2 left on base; Washington 9 - Toronto 4 |
|